[Event "ChessKid Cup Div-I 2023"]
[Site "Online"]
[Date "2023.05.24"]
[Round "52.3"]
[White "Moussard, Jules"]
[Black "Kollars, Dmitrij"]
[Result "1-0"]
[ECO "C83"]
[WhiteElo "2644"]
[BlackElo "2607"]
[Annotator "TA"]
[PlyCount "167"]
[EventDate "2023.05.21"]
[EventType "k.o."]
[EventCountry "NET"]
[SourceTitle "playchess.com"]
[Source "ChessBase"]
[SourceQuality "1"]
[TimeControl "900+3"]

1. e4 e5 2. Nf3 Nc6 3. Bb5 a6 4. Ba4 Nf6 5. O-O Nxe4 6. d4 b5 7. Bb3 d5 8. dxe5 Be6 9. c3 Be7 {[%emt 0:00:04] now supersedes 9...Bc5.} 10. h3 {[%emt 0:00:04] C83: Open Ruy Lopez: 9 c3 Be7.} O-O 11. Bc2 Qd7 12. Nbd2 {[%emt 0:00:44] The position is equal.} f5 13. exf6 Nxf6 14. Re1 {[%emt 0:00:07] [#]} Rae8 $146 ({Predecessor:} 14... Bd6 15. Nf1 Ne4 16. Ng5 Nxg5 17. Bxg5 Kh8 18. Ng3 Rae8 19. Qd3 Bg8 20. Rxe8 Qxe8 21. Nf5 Qg6 {½-½ Kruse,H (2501)-Larwinski,P (2478) FICGS rapid silver 000268 email 2021 (1)}) 15. Nf1 Bf5 16. Bxf5 Qxf5 17. Ng3 Qd7 18. Qd3 Bd6 19. Bg5 Bxg3 {[%emt 0:00:29][%mdl 64] [#] Remove Defender} 20. fxg3 Ne4 21. Bf4 (21. Rad1 {simplifies} Nxg3 22. Rxe8 Rxe8 23. Qxd5+ Qxd5 24. Rxd5 h6 25. Bh4) 21... h6 22. Rad1 $1 {[%emt 0:00:15][%cal Oe1e4] And now Rxe4! would win.} g5 {[%emt 0:00:39] [#]} 23. Bxc7 Rf7 $2 (23... Qxc7 $15 {keeps the upper hand.} 24. Qxd5+ Kg7 25. Rxe4 Rd8 {[%mdl 64] Skewer} 26. Nxg5 Rxd5 27. Ne6+ Kh8 28. Rxd5 Qh7) 24. Bb6 $16 Ne5 25. Nxe5 Rxe5 26. Rf1 Ref5 27. Rxf5 {[%emt 0:00:35][%mdl 64] Remove Defender} Qxf5 28. g4 Qe6 29. Bd4 ({Inferior is} 29. Qxd5 Qxb6+ 30. Qd4 Qe6 $17) 29... Qd6 30. Rf1 Qe6 31. Rf3 Qg6 32. Be3 Qe6 33. Bd4 (33. Qd4 $16) 33... Qg6 $1 $18 34. Qe3 Qe6 35. Rxf7 Qxf7 $16 {[%emt 0:00:05][%mdl 4096] Endgame KQB-KQN} 36. Qf3 Nd2 $2 (36... Qe6 $16 37. b3 a5) 37. Qxf7+ $18 Kxf7 {[%emt 0:00:04] KB-KN} 38. Kf2 Nc4 39. b3 Na5 40. Ke3 Nc6 41. Kd3 Kg6 42. a3 Na5 43. Kc2 Nc6 44. Bf2 Na5 45. Bb6 Nc6 46. Kd3 Kf7 47. Bc7 Ke6 48. Bg3 Na5 49. Kc2 Nc6 50. Bf2 (50. Bc7 $18) 50... Na5 (50... Ke5 $16 51. Kd3 Kf4) 51. Bd4 {[%emt 0:00:06] Bg7 would be deadly.} Kf7 52. a4 ({Better is} 52. Bb6 $18 Nc6 53. Kd3) 52... bxa4 $16 53. bxa4 Nc6 $2 (53... Nc4 $16 54. Kb3 a5) 54. Kd3 $18 Kg6 (54... Na5 $142 55. Bc5 Nc6) 55. c4 dxc4+ 56. Kxc4 h5 57. gxh5+ Kxh5 58. Bf2 Ne5+ 59. Kd4 Ng6 60. g4+ Kh6 61. Bg3 Kg7 62. Kc5 Kf6 63. Kb6 Nf4 64. h4 {[%emt 0:00:04] hxg5+ would kill now.} Nd5+ 65. Kxa6 {[%emt 0:00:04] ?ev?.} gxh4 66. Bxh4+ Ke5 67. Bg5 Nc3 68. a5 Ne4 69. Be3 Nd6 70. g5 Kf5 71. Bc1 Ke6 72. Kb6 Nc4+ 73. Kb5 Ne5 74. a6 Kd7 75. a7 Nc6 76. a8=Q Nd4+ 77. Kc4 Ne6 78. Qd5+ Ke7 79. Ba3+ Kf7 80. Qf5+ Kg7 81. Qxe6 Kh8 82. Qf6+ Kg8 83. Bb2 Kh7 84. Qg7# {[%emt 0:00:04] Weighted Error Value: White=0.18 (very precise) /Black=0.42} 1-0

[Event "ChessKid Cup Div-I 2023"]
[Site "Online"]
[Date "2023.05.25"]
[Round "53.1"]
[White "Caruana, Fabiano"]
[Black "Moussard, Jules"]
[Result "1-0"]
[ECO "C42"]
[WhiteElo "2764"]
[BlackElo "2644"]
[Annotator "TA"]
[PlyCount "93"]
[EventDate "2023.05.21"]
[EventType "k.o."]
[EventCountry "NET"]
[SourceTitle "playchess.com"]
[Source "ChessBase"]
[SourceQuality "1"]
[TimeControl "900+3"]

1. e4 e5 2. Nf3 Nf6 3. Nxe5 d6 4. Nf3 Nxe4 5. d4 d5 6. Bd3 Bd6 7. O-O O-O 8. c4 c6 9. Re1 Bf5 10. Qb3 Qd7 {[%emt 0:00:04] C42: Petroff Defence: 3 Nxe5 and unusual White 3rd moves.} 11. Be3 $5 {[%emt 0:00:08][%mdl 4] 11.c5 is becoming the main line. Leaves trodden paths.} dxc4 12. Bxc4 {[%emt 0:00:02] [#]} b5 $146 {[%emt 0:00:08] The position is equal.} ({Predecessor:} 12... Na6 13. Ne5 Qc7 14. Nc3 Nxc3 15. bxc3 b5 16. Bf1 Nc5 17. Qd1 Be6 18. Bf4 Nd7 {½-½ Vachier Lagrave,M (2750)-Deac,B (2671) Bucharest Superbet Classic 2nd 2022 (8)}) 13. Bd3 {[%emt 0:01:45] [#] Qc2 would be deadly.} Na6 14. a3 {[%emt 0:00:05] Wards off Nb4} Bg6 (14... Nf6 {simplifies} 15. Bxf5 Qxf5 16. Nc3 Rfe8) 15. Nh4 {[%emt 0:02:13] aiming for Nxg6.} (15. Qc2 {simplifies} Rfe8 16. Nh4 Nf6 17. Nxg6 hxg6 18. Nd2) 15... Rfe8 16. Nxg6 hxg6 17. Nc3 Nxc3 18. bxc3 Kf8 (18... Nc7 $1 $11 {keeps the balance.}) 19. a4 $36 {[%emt 0:03:19][%cal Ra4b5][%mdl 2048] White is pushing.} Nc7 20. axb5 cxb5 21. Ra5 a6 22. g3 Rab8 23. Rea1 Qg4 24. Kg2 {[%emt 0:01:15] White stays focused until the end.} (24. Qd1 {simplifies} Qxd1+ 25. Rxd1 Be7 26. Kg2) 24... Qd7 25. Be2 Kg8 26. Bf3 Red8 27. h4 Bf8 28. Rh1 {[%emt 0:00:17] White has more active pieces.} Qe6 (28... Be7 $16) 29. Qxe6 $18 fxe6 30. Bg5 Rdc8 31. Rc1 Bd6 32. c4 {[%emt 0:00:45] c5 is the strong threat.} bxc4 (32... Bb4 $142 33. Ra2 a5) 33. Rxc4 Kf7 34. Rc6 Nb5 {[%emt 0:00:40] [#]} (34... Bb4) 35. Rxb5 $1 {[%emt 0:00:51][%mdl 576] Remove Defender. White is clearly winning.} axb5 (35... Rxc6 36. Rxb8) 36. Rxd6 b4 37. Rd7+ Kg8 38. Bf4 {[%emt 0:00:03][%cal Of4e5] Hoping for Be5!} Rb6 39. Be5 b3 40. Be4 b2 41. Bxg6 b1=Q 42. Bxb1 Rxb1 43. Rxg7+ Kf8 44. h5 Rcc1 45. h6 Rg1+ 46. Kf3 Rh1 47. h7 {[%emt 0:00:03] Weighted Error Value: White=0.07 (flawless) /Black=0.31} 1-0

[Event "ChessKid Cup Div-I 2023"]
[Site "Online"]
[Date "2023.05.25"]
[Round "53.2"]
[White "Moussard, Jules"]
[Black "Caruana, Fabiano"]
[Result "1-0"]
[ECO "C90"]
[WhiteElo "2644"]
[BlackElo "2764"]
[Annotator "TA"]
[PlyCount "123"]
[EventDate "2023.05.21"]
[EventType "k.o."]
[EventCountry "NET"]
[SourceTitle "playchess.com"]
[Source "ChessBase"]
[SourceQuality "1"]
[TimeControl "900+3"]

1. e4 e5 2. Nf3 Nc6 3. Bb5 a6 4. Ba4 Nf6 5. O-O Be7 6. d3 b5 7. Bb3 d6 8. c3 O-O 9. Re1 Na5 10. Bc2 c5 11. Nbd2 Re8 12. Nf1 h6 13. d4 cxd4 14. cxd4 exd4 {[%emt 0:00:01] C90: Closed Ruy Lopez with 7...d6: Early deviations.} 15. Nxd4 Bf8 16. Ng3 g6 {[%emt 0:00:56] [#] The position is equal.} 17. Bd2 $146 ({Predecessor:} 17. b3 Bg7 18. Bb2 Qb6 19. Qd2 Bb7 20. Ndf5 gxf5 21. Nxf5 Re5 22. Nxg7 Kxg7 23. Re3 {1-0 Smirin,I (2668)-Liss,E (2474) ISR-chT Israel 2010 (9.2)}) 17... Bg7 18. Bc3 Bg4 19. Qd3 Qb6 20. Nb3 Nc4 21. h3 {[%emt 0:00:13] Black must now prevent Bd4.} Bd7 22. Bd4 Qd8 23. f4 Rc8 24. Re2 h5 25. Rf1 (25. Qf3 $15) 25... h4 $17 26. Nh1 Nh5 27. Bxg7 Kxg7 28. Qd4+ Kg8 29. Bd3 (29. Kh2 $15) 29... Qb6 (29... g5 $1 $17 30. f5 Nf4) 30. Rf3 (30. Kh2 $11 {remains equal.}) 30... Qxd4+ $1 31. Nxd4 {[%emt 0:00:00] [#]} g5 $1 32. b3 $15 Nxf4 33. Rxf4 gxf4 34. bxc4 bxc4 35. Bc2 c3 36. Nf2 Rc4 37. Nf3 Ba4 38. Bxa4 Rxa4 39. Rc2 Rc8 40. Kf1 Rb8 {[%emt 0:00:03] Hoping for ...Rb2.} 41. Nd1 {[%emt 0:00:27] Prevents Rb2} ({White should try} 41. Nd3 $11) 41... Rb1 (41... Rxe4 $15 42. Rc1 d5) 42. Ke2 $11 Rxe4+ 43. Kd3 d5 44. Nxc3 Re3+ 45. Kd4 (45. Kd2 $5 Rf1 46. Nd1 $16 (46. Nxd5 Rf2+ 47. Kc1 Rxc2+ {[%mdl 64] Remove Defender} 48. Kxc2 Re2+ 49. Kd3 Rxg2 $15)) 45... Rf1 (45... Rb4+ $11 46. Kxd5 Rb8) 46. Nxd5 $16 Rd1+ 47. Kc5 Ra3 {[%emt 0:00:05] [#]} (47... Re6 $16 {might work better.} 48. Rc4 (48. Nxf4 Rd8 $16) (48. Nxh4 $2 {perishes.} Re5 $19) 48... Kf8) 48. Nxf4 $2 {[%emt 0:00:12] Excellent horsemanship.} (48. Nc3 $1 $18 {[%cal Rc3d1] is the precise move to win.} Rd3 49. Kb4 Rdxc3 50. Rxc3 Rxa2 51. Nxh4) 48... Ra1 49. Nxh4 (49. Kd4 $16) 49... R1xa2 50. Rc4 Ra5+ (50... Ra4 $11 51. g3 Rxc4+ 52. Kxc4 Kg7 53. Nf5+ Kf6) 51. Kb6 $14 Rb5+ 52. Ka7 (52. Kc6 $14) 52... a5 $11 53. g4 Kg7 (53... Rab2 $11) 54. Rc6 (54. Nf5+ $16 Kf6 55. Nh5+ Ke5 56. Rc7) 54... Kf8 $2 ({Black should play} 54... Rf2 $14 55. Ka6 Rg5) 55. Nf5 $18 Ke8 56. Rd6 {[%emt 0:00:08] Repels Rd2} Rab2 $2 (56... Rc2 57. Nd5 Rc8 58. Nf6+ Kf8) 57. Nh5 {[%emt 0:00:02] Threatening mate with Nhg7+.} Rb7+ (57... f6 $142 58. Nxf6+ Kf8) 58. Ka6 {[%emt 0:00:00] White threatens Nf6+ and mate.} Rb8 59. Nf6+ (59. Kxa5 $2 Ra2#) 59... Kf8 60. Nd7+ (60. Kxa5 $2 Ra2#) 60... Kg8 61. Nxb8 Rxb8 62. Kxa5 {[%emt 0:00:01] Weighted Error Value: White=0.31/Black=0.59} 1-0

[Event "ChessKid Cup Div-I 2023"]
[Site "Online"]
[Date "2023.05.25"]
[Round "53.3"]
[White "Moussard, Jules"]
[Black "Caruana, Fabiano"]
[Result "1/2-1/2"]
[ECO "C68"]
[WhiteElo "2644"]
[BlackElo "2764"]
[Annotator "TA"]
[PlyCount "121"]
[EventDate "2023.05.21"]
[EventType "k.o."]
[EventCountry "NET"]
[SourceTitle "playchess.com"]
[Source "ChessBase"]
[SourceQuality "1"]
[TimeControl "900+3"]

1. e4 e5 2. Nf3 Nc6 3. Bb5 a6 4. Bxc6 dxc6 5. O-O Qf6 6. d4 {[%emt 0:00:05] C68: Ruy Lopez: Exchange Variation, sidelines.} exd4 7. Bg5 Qd6 8. Nxd4 {[%emt 0:00:03] The position is equal.} Be7 9. Be3 {[%emt 0:00:04] is the new trend.} Nf6 10. f3 c5 11. Ne2 Be6 12. b3 O-O-O 13. Qxd6 Bxd6 14. Nbc3 Nd7 15. Rad1 f6 {[%emt 0:00:04] [#]} 16. h4 $146 ({Predecessor:} 16. Kf2 Ne5 17. h4 b5 18. Nf4 Bf7 19. h5 Rhf8 20. Nce2 a5 21. Rfe1 Bg8 22. g4 {½-½ Frotscher,T (2391)-Traut,G (2197) GER SC81 pr05 email 2020}) 16... h5 17. Kf2 Ne5 18. Nd5 Bf7 19. Ng3 Rhe8 20. Rd2 c6 21. Nb6+ Kc7 $1 22. Rfd1 Bf8 23. Na4 {[%emt 0:00:10] aiming for Rxd8.} Rxd2+ 24. Rxd2 b6 25. Ne2 Be7 26. Nf4 Rd8 27. Rxd8 Bxd8 28. Nd3 Nxd3+ 29. cxd3 $11 {[%emt 0:00:05][%mdl 4096] Endgame KBB-KBN} Kd7 30. g4 g5 31. hxg5 fxg5 32. Kg3 Bc7+ 33. Kh3 Bd8 34. Nb2 Ke6 35. Kg3 Bc7+ 36. Kg2 Bd8 37. Nd1 hxg4 38. fxg4 Be7 39. Nf2 Kf6 40. Kf3 b5 41. Ke2 a5 42. Kd2 a4 43. Kc3 axb3 44. axb3 Be6 45. Kc2 $1 Kg6 46. Bc1 (46. e5 $11) 46... Bf6 $17 {[%emt 0:00:10] And now ...Bd4 would win.} 47. Be3 {[%emt 0:00:05] [#]} Be7 {[%emt 0:00:18] A strong pair of Bishops.} ({Black should play} 47... Bd4 $1 $17 48. Bxd4 cxd4) 48. Bd2 Bf6 {[%emt 0:00:07] Threatens to win with ...Bd4.} 49. Bc3 {[%emt 0:00:05][%mdl 8192] [#]} (49. Be3 $11) 49... Bxc3 $1 $19 50. Kxc3 {[%emt 0:00:03] KB-KN} b4+ 51. Kc2 (51. Kb2 $142 Kf6 52. Kc2) 51... Kf6 52. Kb2 Ke5 53. Nh3 Kf6 (53... Bxg4 $142 54. Ng1 Bd1) 54. Nf2 Ke5 55. Nh3 $1 Kf6 $2 ({Better is} 55... Bxg4 $19 56. Ng1 Bd1) 56. e5+ Kxe5 $17 57. Nxg5 Bxg4 {[%emt 0:00:06] ...Bd1 would be deadly.} 58. Ne4 $2 {[%emt 0:00:03][%mdl 8192] Now White is beyond hope.} (58. Kc2 $17) 58... Kd4 $19 {[%emt 0:00:06] Black is clearly winning.} 59. Kc2 Bf5 60. Nd6 Bxd3+ 61. Kb2 {[%emt 0:00:03][%mdl 32768] Weighted Error Value: White=0.54/Black=0.32. An unexpected result.} 1/2-1/2

[Event "ChessKid Cup Div-I 2023"]
[Site "Online"]
[Date "2023.05.25"]
[Round "54.1"]
[White "Van Foreest, Jorden"]
[Black "Caruana, Fabiano"]
[Result "1/2-1/2"]
[ECO "C89"]
[WhiteElo "2689"]
[BlackElo "2764"]
[Annotator "TA"]
[PlyCount "129"]
[EventDate "2023.05.21"]
[EventType "k.o."]
[EventCountry "NET"]
[SourceTitle "playchess.com"]
[Source "ChessBase"]
[SourceQuality "1"]
[TimeControl "900+3"]

1. e4 e5 2. Nf3 Nc6 3. Bb5 a6 4. Ba4 Nf6 5. O-O Be7 6. Re1 b5 7. Bb3 O-O 8. c3 d5 9. exd5 Nxd5 10. a4 Bb7 11. axb5 axb5 12. Rxa8 Bxa8 13. d4 {[%emt 0:00:10] C89: Closed Ruy Lopez: Marshall Attack.} exd4 14. Qd3 {[%emt 0:00:02] [#]} Bf6 $146 ({Predecessor:} 14... b4 15. cxd4 Bf6 16. h3 Qd6 17. Bc2 g6 18. Bh6 Bg7 19. Bxg7 Kxg7 20. Nbd2 Nf4 {1-0 Stankovic,M (2412)-Matta,V (2305) Arandjelovac ASK-6 GM 2022 (9)}) 15. Qxb5 Nde7 16. Bg5 (16. Nbd2 $5 ) 16... Ng6 17. Qf5 Qb8 {[%emt 0:03:37] Strongly threatening ...Bxg5.} 18. Bxf6 {[%emt 0:02:17][%cal Ob1d2] Nbd2! would be deadly.} Qxb3 19. Nbd2 (19. Nxd4 $2 {perishes.} Qb7 20. Nf3 gxf6 21. Qxf6 Qxb2 $19) (19. Bxd4 {simplifies} Nxd4 20. cxd4 Qxb2 21. Nbd2) 19... Qxb2 20. Bxd4 Nxd4 21. cxd4 h6 22. Ne4 Qb4 {[%emt 0:00:06][%cal Og6h4] ...Nh4! is the strong threat.} 23. Re3 {[%emt 0:01:11] [#]} Nh4 24. Nf6+ $1 $14 gxf6 25. Nxh4 {[%emt 0:00:00] White wants to mate with Rg3+.} Qxd4 {[%emt 0:00:02] [#] ( -> ...Qd1+)} 26. h3 $1 Qxh4 (26... Rd8 27. Ng6) 27. Rg3+ Kh8 {[%emt 0:00:01] aiming for ...Be4.} 28. Rg4 {[%emt 0:00:01] Inhibits Be4.} Qxg4 29. hxg4 $16 {[%emt 0:00:29][%mdl 4096] Endgame KQ-KRB} ({Of course not} 29. Qxg4 $6 Rg8 30. Qf4 Rxg2+ 31. Kf1 Kg7 $11) 29... Kg7 30. Qd7 {[%emt 0:00:20] Repels Rd8} c5 31. Qc7 {[%emt 0:00:01] Prevents Rb8. White is more active.} Bd5 32. Qxc5 Be6 33. f3 Rd8 34. Qf2 Rd5 35. Qg3 Rg5 36. Qf4 Re5 37. Kh2 Rg5 38. Qd4 Rd5 39. Qc3 Rg5 40. Qb2 Rg6 41. Kg1 Rg5 42. Kf2 Rg6 43. Ke3 Rg5 44. Kf4 Rg6 45. Qc1 (45. Qf2 $16) 45... Rg5 (45... h5 $1 $14) 46. Qh1 Rg6 47. Kg3 (47. Ke3 $16) 47... Rg5 (47... f5 $1 $11) 48. Kf4 Rg6 $1 49. Ke4 Rg5 50. Kd4 Rd5+ 51. Kc3 Rc5+ 52. Kb4 Rg5 53. Qh4 Re5 54. Qf2 Rg5 55. f4 (55. Kc3 $16) 55... Rxg4 $11 {[%emt 0:00:02] The position is equal.} 56. Kc5 f5 57. Kd6 {[%emt 0:00:01][%mdl 1024] White has compensation.} Kh7 58. Ke7 Rg8 59. g3 Rg6 60. Qf3 Rg8 61. Qd3 Rg6 62. Qc3 Rg8 63. Qd3 Rg6 64. Qc3 Rg8 65. Qd3 {[%emt 0:00:00] Weighted Error Value: White=0.13 (very precise) /Black=0.11 (very precise)} 1/2-1/2

[Event "ChessKid Cup Div-I 2023"]
[Site "Online"]
[Date "2023.05.25"]
[Round "54.2"]
[White "Caruana, Fabiano"]
[Black "Van Foreest, Jorden"]
[Result "1/2-1/2"]
[ECO "C65"]
[WhiteElo "2764"]
[BlackElo "2689"]
[Annotator "TA"]
[PlyCount "112"]
[EventDate "2023.05.21"]
[EventType "k.o."]
[EventCountry "NET"]
[SourceTitle "playchess.com"]
[Source "ChessBase"]
[SourceQuality "1"]
[TimeControl "900+3"]

1. e4 e5 2. Nf3 Nc6 3. Bb5 Nf6 4. d3 Bc5 5. Bxc6 dxc6 6. h3 {[%emt 0:00:07] C65: Ruy Lopez: Berlin Defence (3...Nf6), unusual lines and 4 0-0 Bc5.} Bd6 7. Nc3 h6 8. O-O {[%emt 0:00:50] [#]} Nd7 $146 ({Predecessor:} 8... Be6 9. Be3 Qd7 10. Qd2 c5 11. Nh2 O-O-O 12. f4 exf4 13. Bxf4 Bxf4 14. Rxf4 g5 15. Rxf6 {1-0 Knox,A (1531)-Wybrew,R (1512) BCCA/C1/Tr137 2016}) 9. Nd2 O-O 10. Nc4 Nb6 11. Nxd6 cxd6 12. f4 exf4 13. Bxf4 Be6 14. Qf3 d5 15. Qg3 Kh7 {[%emt 0:00:01] Black is weak on the dark squares} 16. Bc7 {[%emt 0:01:26] White is much more active.} Qd7 17. a4 Rae8 18. Bd6 {[%emt 0:00:56] Strongly threatening a5.} Rg8 19. Bc5 Nc8 20. exd5 Bxd5 21. Rf2 b6 22. Be3 Ne7 23. Raf1 {[%emt 0:00:39] Threatens to win with Nxd5.} f6 24. Bd2 c5 25. Nxd5 Nxd5 26. a5 Re5 27. axb6 axb6 28. d4 cxd4 {[%emt 0:00:23] White must now prevent ...Ne3.} 29. Qd3+ Kh8 30. Qxd4 Qe6 31. Qd3 Rc8 32. Rf5 (32. Bxh6 {looks sharper.} g5 33. c4 Nf4 34. Rxf4 gxf4 35. Bxf4 Re1 36. Rxe1 Qxe1+ 37. Kh2) 32... Rxf5 33. Rxf5 Ne7 34. Rb5 Qc6 35. c3 Ng6 {[%emt 0:00:01][%mdl 64] [#] Deflection} 36. Qd5 {[%emt 0:00:09] next Qxc6 is good for White.} Qxd5 37. Rxd5 $11 {[%emt 0:00:00][%mdl 4096] Endgame KRB-KRN} Ne5 38. b3 Rc6 39. c4 Kg8 40. Bc3 Ng6 {[%emt 0:00:09] [#]} 41. Kf2 $1 Nf4 42. Rd7 (42. Rd8+ $16 Kh7 43. Bb4) 42... Ne6 {[%emt 0:00:23] The position is equal.} 43. Bb4 Nc5 44. Bxc5 bxc5 {[%emt 0:00:00] KR-KR} 45. Rd5 Rb6 46. Rxc5 {[%emt 0:00:02] Rb5 is the strong threat.} Rxb3 47. h4 Kf7 48. h5 Rc3 49. Rc7+ Ke6 50. c5 Kf5 51. c6 Kf4 52. Ke2 Ke5 53. g4 f5 54. Kd2 Rc5 55. gxf5 Kxf5 56. Rxg7 {[%emt 0:00:06] And now Rg6 would win.} Rxc6 {[%emt 0:00:02] Weighted Error Value: White=0.06 (flawless) /Black=0.05 (flawless)} 1/2-1/2

[Event "ChessKid Cup Div-I 2023"]
[Site "Online"]
[Date "2023.05.25"]
[Round "54.3"]
[White "Caruana, Fabiano"]
[Black "Van Foreest, Jorden"]
[Result "1-0"]
[ECO "C72"]
[WhiteElo "2764"]
[BlackElo "2689"]
[Annotator "TA"]
[PlyCount "95"]
[EventDate "2023.05.21"]
[EventType "k.o."]
[EventCountry "NET"]
[SourceTitle "playchess.com"]
[Source "ChessBase"]
[SourceQuality "1"]
[TimeControl "900+3"]

1. e4 e5 2. Nf3 Nc6 3. Bb5 a6 4. Ba4 d6 5. O-O Bd7 6. c4 Be7 {[%emt 0:00:07] C72: Ruy Lopez: Deferred Steinitz: 5 0-0.} 7. Nc3 Bf6 {[%emt 0:00:04] [#]} 8. d3 $146 ({Predecessor:} 8. Nd5 h6 9. Re1 g5 10. d4 Bg7 11. dxe5 dxe5 12. g3 Nge7 13. Bd2 O-O 14. Bc3 {½-½ Hinne,J-Koester,H GER-ch48 Kandidatenturnier10 1965 (10)}) 8... Nge7 {[%emt 0:00:04] The position is equal.} 9. Be3 O-O 10. h3 h6 11. Rc1 Rc8 12. a3 Nd4 13. Bxd4 exd4 14. Bxd7 Qxd7 15. Nd5 Nxd5 16. cxd5 c5 17. dxc6 bxc6 (17... Rxc6 $11 18. Qa4 Rfc8 19. Rxc6 Rxc6) 18. Qa4 $16 Qb7 19. Rc2 {[%emt 0:00:06] White is more active.} (19. Nxd4 $16 Bxd4 20. Qxd4) 19... c5 $11 20. Qc4 Rb8 21. Nd2 Rfe8 22. Qa2 Qd7 23. f4 (23. Qd5 $5 ) 23... g6 24. Qc4 (24. b4 $5) 24... Rb6 25. Qd5 {[%emt 0:00:11] And now Nc4 would win.} Qb7 26. Qxb7 Rxb7 27. Nc4 Be7 28. f5 Rd8 29. Rf3 (29. f6 $5 Bf8 $8 30. g4 $14) 29... d5 (29... Kg7 $11 {keeps the balance.}) 30. exd5 $16 {[%emt 0:00:38] Black is now going downhill.} Rxd5 ({Better is} 30... g5) 31. fxg6 fxg6 32. Re2 Rf5 (32... Ra7 $16 33. Re6 Kg7) 33. Rxf5 $18 gxf5 {[%emt 0:00:03][%mdl 4096] Endgame KRB-KRN} 34. Re6 Bg5 (34... a5 {was worth a try.} 35. Kf2 (35. Nxa5 Kf7 $16) (35. Rxh6 Rb3 $16) 35... Kg7) 35. Kf2 (35. Rxa6 Rb3 $16) 35... Bc1 36. Rxa6 Bxb2 37. a4 ({Less strong is} 37. Rxh6 Rb3 $16) 37... Bc1 38. Rb6 Ra7 39. a5 Bf4 40. a6 Kf8 $2 {[%emt 0:00:04] [#]} (40... h5 41. Kf3 Bc7) 41. Kf3 Bc7 42. Rxh6 Ke7 43. g4 fxg4+ 44. hxg4 Kd7 45. Ke4 (45. Ne5+ $142 Bxe5 46. Rh7+ {[%mdl 64] Skewer} Kc6 47. Rxa7 c4 48. Re7 cxd3 49. Rxe5 Kb6 50. Re6+ Kc5 51. a7) 45... Ra8 46. Kd5 Rg8 47. Rh7+ Kc8 48. Nd6+ {[%emt 0:00:21] Weighted Error Value: White=0.10 (very precise) /Black=0.65} (48. Ne5 $142 Re8 49. Nc6) 1-0